 Dungeon Crawl Stone Soup version 0.29-a0-982-gaed3a0c8d8 (webtiles) character file.

Game seed: 9593456562931425199

77 jfcaron the Poker (level 4, -10/41 HPs)
             Began as a Gnoll Chaos Knight on Aug 1, 2022.
             Was a Plaything of Xom.
             Mangled by a guardian serpent (shapeshifter) (23 damage)
             ... on level 2 of the Dungeon.
             The game lasted 00:03:01 (1122 turns).

jfcaron the Poker (Gnoll Chaos Knight)              Turns: 1122, Time: 00:03:02

Health: -10/41     AC:  5    Str: 11    XL:     4   Next: 34%
Magic:  5/5        EV: 12    Int: 11    God:    Xom [.*....]
Gold:   26         SH:  0    Dex: 12    Spells: 5/5 levels left

rFire   + . .      SeeInvis .   m - +0 spear
rCold   . . .      Faith    .   (no shield)
rNeg    . . .      Spirit   .   b - +2 leather armour
rPois   .          Reflect  .   (no helmet)
rElec   .          Harm     .   (no cloak)
rCorr   .          Rampage  .   (no gloves)
Will    .....                   (no boots)
Stlth   +.........              (no amulet)
HPRegen 0.13/turn               l - ring of protection from fire
MPRegen 0.09/turn               (no ring)

@: unable to read, unable to drink
A: fangs 1, strong nose, distributed training, weak 1, inability to drink while
threatened 1, inability to read while threatened 1
a: Renounce Religion


You were on level 2 of the Dungeon.
You worshipped Xom.
You were a plaything of Xom.
You visited 1 branch of the dungeon, and saw 2 of its levels.

You collected 26 gold pieces.

Inventory:

Hand Weapons
 a - a +0 spear of chaos
 m - a +0 spear (weapon)
Armour
 b - a +2 leather armour (worn)
 d - a +0 chain mail
Jewellery
 l - a ring of protection from fire (left hand)
Potions
 f - a potion of heal wounds
 g - a potion of flight
 h - 2 potions of curing
Miscellaneous
 c - a piece from Xom's chessboard (13/15)


   Skills:
 + Level 6.6 Fighting
 + Level 1.1 Short Blades
 + Level 1.1 Long Blades
 + Level 1.1 Axes
 + Level 1.1 Maces & Flails
 + Level 6.6 Polearms
 + Level 1.1 Staves
 + Level 1.1 Ranged Weapons
 + Level 1.1 Throwing
 + Level 4.6 Armour
 + Level 2.7 Dodging
 + Level 1.1 Stealth
 + Level 1.1 Shields
 + Level 1.1 Unarmed Combat
 + Level 1.1 Spellcasting
 + Level 0.9 Conjurations
 + Level 0.9 Hexes
 + Level 0.9 Summonings
 + Level 0.9 Necromancy
 + Level 0.9 Translocations
 + Level 0.9 Transmutations
 + Level 0.9 Fire Magic
 + Level 0.9 Ice Magic
 + Level 0.9 Air Magic
 + Level 0.9 Earth Magic
 + Level 0.9 Poison Magic
 + Level 1.2 Invocations
 + Level 1.1 Evocations


You had 5 spell levels left.
You didn't know any spells.
Your spell library contained the following spells:

 Spells                   Type           Power      Damage    Failure   Level
 Ensorcelled Hibernation  Hex/Ice        4%         N/A       38%         2
 Passwall                 Tmut/Erth      1%         N/A       38%         2
 Swiftness                Air            2%         N/A       63%         3


Dungeon Overview and Level Annotations

Branches:
Dungeon (2/15)

Altars:
Xom


Innate Abilities, Weirdness & Mutations

You have very sharp teeth.
Your uncanny sense of smell can sniff out nearby items.
Your experience applies equally to all skills.
You are weak. (Str -2)
You occasionally lose the ability to drink potions when taking damage.
You occasionally lose the ability to read scrolls when taking damage.


Message History

The jackal bites you but does no damage.
You closely miss the jackal.
Xom's power touches on a nearby monster.
The jackal changes into a shapeshifter!
The jackal bites you.
You hit the jackal. You bite the jackal.
The jackal is moderately wounded.
The shapeshifter changes into a polar bear!
The jackal bites you but does no damage.
You completely miss the jackal.
The jackal is moderately wounded.
You closely miss the jackal.
The jackal is moderately wounded.
The jackal bites you but does no damage.
The jackal bites you.
You barely miss the jackal.
The jackal is lightly wounded.
The jackal closely misses you.
A guardian serpent comes into view.
You miss the jackal.
The jackal is lightly wounded.
The jackal closely misses you.
You hit the jackal but do no damage.
The jackal is lightly wounded.
The jackal barely misses you.
You closely miss the jackal.
The jackal is lightly wounded.
The jackal misses you.
You hit the jackal but do no damage. You bite the jackal.
The jackal is moderately wounded. "Just a minor improvement..."
You make a move on Xom's chessboard...
The jackal suddenly stops moving!
The guardian serpent hits you.
You make a move on Xom's chessboard...
The guardian serpent resists with almost no effort.
The guardian serpent hits you!! x2
You feel threatened and lose the ability to read scrolls!
You feel threatened and lose the ability to drink potions!
Ouch! That really hurt!
You die...
Xom thinks this is hilarious!

..... ∆ ######........
####... .............
#.... ............
#.≈P######..._.._.... #
#.≈.#_#..#....__..... #
#P..#.#..#.†......... #
##..#................. #
#...#....⌠..P#........ #
#...#.P..⌠...#@._._... #
#...#.....P..#S#######
###..#.........#h#
.....#.....≈.....h.hh...
.....#####...###_#######
.....+ .#..# #.# .....#
..# #.# .....# .# #.#
.....# # #.#


You could see a guardian serpent and 2 jackals.

Vanquished Creatures
  4 adders (D:2)
  2 dart slugs
  4 ball pythons (D:1)
  7 endoplasms
  3 giant cockroaches
  5 hobgoblins (D:1)
  3 jackals (D:1)
  A bat (D:1)
  A frilled lizard (D:1)
  2 kobolds (D:1)
  3 rats
  7 fungi (D:2)
  6 plants (D:2)
48 creatures vanquished.

Notes
Turn   | Place    | Note
-------+----------+-------------------------------------------
     0 | D:1      | jfcaron the Gnoll Chaos Knight began the quest for the Orb.
     0 | D:1      | Reached XP level 1. HP: 23/23 MP: 1/1
     3 | D:1      | XOM: divination: magic mapping
    38 | D:1      | XOM: silly message
   182 | D:1      | Reached XP level 2. HP: 29/29 MP: 2/2
   186 | D:1      | XOM: noise
   360 | D:1      | XOM: divination: detect items
   562 | D:1      | Reached XP level 3. HP: 35/35 MP: 3/3
   694 | D:1      | XOM: silly message
   703 | D:1      | XOM: noise
   760 | D:1      | XOM: give mutations
   760 | D:1      | Gained mutation: You are weak. (Str -2) [Xom's mischief]
   760 | D:1      | Gained mutation: You occasionally lose the ability to read
                  | scrolls when taking damage. [Xom's mischief]
   822 | D:1      | XOM: give mutation
   822 | D:1      | Gained mutation: You occasionally lose the ability to drink
                  | potions when taking damage. [Xom's mischief]
   901 | D:2      | Reached skill level 1 in Invocations
   924 | D:2      | Reached skill level 1 in Short Blades
   924 | D:2      | Reached skill level 1 in Long Blades
   924 | D:2      | Reached skill level 1 in Axes
   924 | D:2      | Reached skill level 1 in Maces & Flails
   924 | D:2      | Reached skill level 1 in Staves
   924 | D:2      | Reached skill level 1 in Ranged Weapons
   924 | D:2      | Reached skill level 1 in Throwing
   924 | D:2      | Reached skill level 1 in Stealth
   924 | D:2      | Reached skill level 1 in Shields
   924 | D:2      | Reached skill level 1 in Unarmed Combat
   924 | D:2      | Reached skill level 1 in Spellcasting
   924 | D:2      | Reached skill level 1 in Evocations
  1047 | D:2      | Reached XP level 4. HP: 39/41 MP: 5/5
  1087 | D:2      | Found a faded altar of an unknown god.
  1110 | D:2      | Noticed a shapeshifter
  1110 | D:2      | a jackal changed into a shapeshifter
  1110 | D:2      | XOM: polymorph jackal -> shapeshifter
  1111 | D:2      | Noticed a polar bear
  1111 | D:2      | a shapeshifter changed into a polar bear
  1115 | D:2      | Noticed a guardian serpent
  1119 | D:2      | XOM: scenery: create altars
  1122 | D:2      | Mangled by a guardian serpent (shapeshifter)

Illustrated notes

Levels and vault maps discovered:
D:1:      dpeg_arrival_castle, layout_basic
D:2:      layout_basic, shapermc_ecumenical_altar_mp_ritualfount, uniq_sigmund

Skill      XL: |  1  2  3 |
---------------+----------+-----
Invocations    | 1 |  1.2
Short Blades   | 1 |  1.1
Long Blades    | 1 |  1.1
Axes           | 1 |  1.1
Maces & Flails | 1 |  1.1
Staves         | 1 |  1.1
Ranged Weapons | 1 |  1.1
Throwing       | 1 |  1.1
Stealth        | 1 |  1.1
Shields        | 1 |  1.1
Unarmed Combat | 1 |  1.1
Spellcasting   | 1 |  1.1
Evocations     | 1 |  1.1
Fighting       | |  6.6
Polearms       | |  6.6
Armour         | |  4.6
Dodging        | |  2.7
Conjurations   | |  0.9
Hexes          | |  0.9
Summonings     | |  0.9
Necromancy     | |  0.9
Translocations | |  0.9
Transmutations | |  0.9
Fire Magic     | |  0.9
Ice Magic      | |  0.9
Air Magic      | |  0.9
Earth Magic    | |  0.9
Poison Magic   | |  0.9

Action                   |  1- 3 |  4- 6 || total
-------------------------+-------+-------++-------
Melee: Spear             |   112 |    21 ||   133
       Bite              |    11 |     3 ||    14
       Punch             |     1 |       ||     1
Throw: Stone             |    20 |       ||    20
Evoke: Piece from Xom's  |     1 |     2 ||     3
  Use: Scroll            |     7 |       ||     7
Armor: Leather armour    |    22 |     3 ||    25
Dodge: Dodged            |    42 |     9 ||    51

Table legend: (Time is in decaauts)
 A = Elapsed time spent in this place.
 B = Non-inter-level travel time spent in this place.
 C = Inter-level travel time spent in this place.
 D = Time resting spent in this place.
 E = Time spent auto-exploring this place.
 F = Levels seen in this place.
 G = Mean time per level.
                   A        B        C        D        E       F      G
               +--------+--------+--------+--------+--------+-----+--------+
         Total |   1095 |   1034 |     61 |      0 |    775 |   2 |  547.5 |
       Dungeon |   1095 |   1034 |     61 |      0 |    775 |   2 |  547.5 |
               +--------+--------+--------+--------+--------+-----+--------+

Top non-repeatable levels by time:
     D:1: 863 daAuts
     D:2: 231 daAuts
